Map: Coda EC

Players

AgCl

  • Race: Protoss Protoss
  • League: Grandmaster

KelThuzad - Winner!

  • Race: Protoss Protoss
  • League: Grandmaster

VOD

Have the link to the VOD?

Description

Time

  • Played on: July 2, 2015, 4:38 p.m.
  • Length: 8:17
Show
View Real Time Build Order
Export as new Build Order

AgCl Protoss 

Build Orders: Oracle Opening, Carrier Rush 

Get SALT Encoding   

  12  0:02  Probe  
  13  0:14  Probe  
  14  0:29  Pylon  
  14  0:47  Probe (Chrono Boost)  
  16  0:58  Probe (Chrono Boost)  
  16  1:00  Assimilator  
  16  1:04  Probe, Assimilator  
  16  1:08  Gateway  
  17  1:16  Probe (Chrono Boost)  
  19  1:26  Probe (Chrono Boost)  
  19  1:33  Probe  
  20  1:43  Nexus  
  20  1:47  Probe (Chrono Boost)  
  21  1:57  Probe (Chrono Boost)  
  22  2:05  Cybernetics Core  
  22  2:17  Pylon  
  22  2:35  Probe (Chrono Boost)  
  22  2:36  Gateway  
  23  2:46  Probe (Chrono Boost)  
  24  2:54  Stargate  
  27  2:59  Mothership Core (Chrono Boost), Probe (Chrono Boost)  
  27  3:07  Probe (Chrono Boost)  
  28  3:13  Probe (Chrono Boost)  
  28  3:17  Pylon  
  30  3:21  Probe (Chrono Boost)  
  30  3:25  Probe (Chrono Boost), Assimilator  
  31  3:30  Probe (Chrono Boost)  
  33  3:36  Probe (Chrono Boost)  
  33  3:38  Probe (Chrono Boost)  
  33  3:40  Oracle  
  37  3:43  Probe (Chrono Boost)  
  37  3:47  Probe  
  39  3:50  Pylon  
  40  3:56  Robotics Facility  
  40  3:57  Probe (Chrono Boost)  
  40  4:00  Probe (Chrono Boost)  
  41  4:10  Fleet Beacon  
  41  4:13  Probe (Chrono Boost)  
  43  4:18  Probe (Chrono Boost)  
  43  4:23  Probe (Chrono Boost)  
  44  4:25  Assimilator  
  44  4:26  Probe (Chrono Boost), Warp Gate (Chrono Boost)  
  46  4:32  Probe (Chrono Boost)  
  46  4:33  Probe (Chrono Boost)  
  47  4:42  Probe (Chrono Boost)  
  47  4:43  Probe (Chrono Boost)  
  47  4:44  Observer  
  47  4:53  Phoenix (Chrono Boost)  
  47  4:56  Carrier (Chrono Boost)  
  47  4:59  Probe (Chrono Boost)  
  50  5:01  Pylon  
  50  5:02  Graviton Catapult  
  50  5:06  Cybernetics Core  
  50  5:11  Probe (Chrono Boost)  
  54  5:15  Probe (Chrono Boost)  
  51  5:26  Probe (Chrono Boost), Forge  
  53  5:29  Probe (Chrono Boost)  
  53  5:38  Probe (Chrono Boost)  
  55  5:44  Probe (Chrono Boost)  
  55  5:46  Probe (Chrono Boost), Carrier (Chrono Boost)  
  56  5:51  Probe, Protoss Air Weapons Level 1 (Chrono Boost)  
  56  5:55  Probe  
  58  6:03  Probe  
  59  6:10  Stargate  
  59  6:12  Pylon  
  59  6:17  Protoss Ground Weapons Level 1  
  65  6:25  Probe  
  66  6:37  Carrier (Chrono Boost)  
  66  6:38  Photon Cannon  
  66  6:42  Twilight Council  
  67  6:47  Probe  
  67  6:48  Probe  
  68  6:59  Probe  
  75  7:11  Nexus  
  75  7:12  Pylon  
  75  7:25  Pylon  
  75  7:30  Immortal  
  75  7:32  Pylon  
  75  7:33  Pylon  
  81  7:37  Phoenix (Chrono Boost)  
  81  7:38  Pylon  
Show
View Real Time Build Order
Export as new Build Order

KelThuzad Protoss - Winner!

Build Orders: Oracle Opening 

Get SALT Encoding   

  12  0:01  Probe  
  13  0:14  Pylon  
  13  0:18  Probe  
  14  0:32  Probe (Chrono Boost)  
  14  0:35  Gateway  
  15  0:42  Probe (Chrono Boost)  
  16  0:47  Assimilator  
  16  0:49  Probe  
  17  0:55  Assimilator  
  17  1:01  Probe (Chrono Boost)  
  18  1:08  Pylon  
  19  1:12  Probe (Chrono Boost)  
  19  1:18  Probe (Chrono Boost)  
  19  1:24  Cybernetics Core  
  20  1:30  Probe (Chrono Boost)  
  21  1:42  Probe (Chrono Boost)  
  22  1:49  Probe (Chrono Boost)  
  25  2:07  Nexus  
  23  2:11  Mothership Core (Chrono Boost)  
  23  2:15  Warp Gate  
  25  2:25  Probe (Chrono Boost)  
  25  2:28  Pylon  
  26  2:36  Stalker  
  28  2:40  Probe  
  29  2:51  Stargate  
  29  2:53  Probe (Chrono Boost)  
  30  3:03  Probe (Chrono Boost)  
  31  3:06  Stalker  
  33  3:13  Probe (Chrono Boost)  
  34  3:20  Pylon  
  34  3:23  Probe (Chrono Boost)  
  34  3:25  Probe (Chrono Boost)  
  36  3:30  Probe  
  37  3:35  Probe, Pylon  
  38  3:43  Probe (Chrono Boost)  
  38  3:46  Oracle (Chrono Boost)  
  38  3:47  Probe (Chrono Boost)  
  44  3:58  Probe (Chrono Boost)  
  44  4:00  Probe (Chrono Boost)  
  44  4:01  Gateway  
  45  4:04  Gateway  
  45  4:05  Probe (Chrono Boost)  
  45  4:06  Probe (Chrono Boost)  
  47  4:16  Probe (Chrono Boost)  
  48  4:17  Assimilator  
  48  4:21  Assimilator  
  49  4:25  Probe (Chrono Boost)  
  49  4:27  Probe (Chrono Boost), Void Ray  
  54  4:33  Probe (Chrono Boost)  
  54  4:34  Probe (Chrono Boost)  
  56  4:43  Probe  
  56  4:45  Probe  
  51  4:55  Probe  
  51  4:57  Probe  
  53  5:07  Probe  
  53  5:09  Probe  
  53  5:13  Void Ray (Chrono Boost)  
  59  5:20  Probe  
  60  5:28  Twilight Council  
  57  5:32  Probe x2  
  59  5:38  Adept x3  
  65  5:50  Gateway  
  65  5:52  Gateway  
  65  5:55  Gateway  
  65  5:58  Pylon  
  65  6:14  Pylon  
  65  6:16  Void Ray (Chrono Boost)  
  65  6:17  Blink (Chrono Boost)  
  69  6:24  Stalker x3  
  75  6:32  Gateway  
  75  6:33  Gateway  
  75  6:37  Pylon x2  
  75  6:40  Pylon  
  75  6:51  Robotics Facility  
  75  6:52  Stalker x4  
  83  7:18  Stalker x2  
  83  7:19  Stalker x4  
  95  7:41  Observer (Chrono Boost)  
  95  7:42  Pylon  
  96  7:47  Stalker x2  
  96  7:48  Stalker x4  
Tags
 
Add a new tag
Caveats
  • Supply blocks, unpowered buildings, or Contaminate may cause inaccurate times.
  • Supply counts are checked every 10 seconds.